 Dungeon Crawl Stone Soup version 0.31-a0-208-gdb31a4691d (webtiles) character file.

Game seed: 11536433300448620191

54 zazu2006 the Fighter (level 3, -5/57 HPs)
             Began as a Gnoll Wanderer on June 28, 2023.
             Slain by Sigmund
             ... wielding a +2 scythe of venom
              (6 damage)
             ... on level 2 of the Dungeon.
             The game lasted 00:02:58 (1181 turns).

zazu2006 the Fighter (Gnoll Wanderer)               Turns: 1181, Time: 00:02:59

Health: -5/57      AC: 21    Str: 11    XL:     3   Next: 91%
Magic:  7/7        EV:  2    Int: 11    God:
Gold:   135        SH:  0    Dex: 13    Spells: 6/7 levels left

rFire   . . .        g - +0 long sword
rCold   + . .        (no shield)
rNeg    . . .        b - melded +0 scale mail
rPois   +            l - melded +2 helmet
rElec   .            (cloak currently unavailable)
rCorr   .            (gloves currently unavailable)
SInv    +            (boots currently unavailable)
Will    .....        (no amulet)
Stlth   +            a - ring of see invisible
HPRegen 0.29/turn    k - ring of protection from cold
MPRegen 0.10/turn

%: no passive effects
@: confused, lethally poisoned (-5 -> -9), tree-form
A: stationary, stasis, torment immunity, boosted hp, (fangs 1), strong nose,
distributed training
a: no special abilities


You were on level 2 of the Dungeon.
You were a tree.
You visited 1 branch of the dungeon, and saw 2 of its levels.

You collected 135 gold pieces.

Inventory:

Hand Weapons
 g - a +0 long sword (weapon)
Armour
 b - a +0 scale mail (melded)
 l - a +2 helmet (melded)
Jewellery
 a - a ring of see invisible (left branch)
 k - a ring of protection from cold (right branch)
Scrolls
 c - a scroll of fog
 d - 2 scrolls of vulnerability
 e - 2 scrolls of immolation {unknown}
 f - 2 scrolls of identify {unknown}
 i - a scroll of enchant armour {unknown}
 j - a scroll of teleportation {unknown}


   Skills:
 + Level 8.5 Fighting
 + Level 1.0 Short Blades
 + Level 1.0 Long Blades
 + Level 1.0 Axes
 + Level 1.0 Maces & Flails
 + Level 1.0 Polearms
 + Level 1.0 Staves
 + Level 1.0 Ranged Weapons
 + Level 1.0 Throwing
 + Level 6.5 Armour
 + Level 1.0 Dodging
 + Level 1.0 Stealth
 + Level 1.0 Shields
 + Level 1.0 Unarmed Combat
 + Level 2.9 Spellcasting
 + Level 0.7 Conjurations
 + Level 0.7 Hexes
 + Level 3.8 Summonings
 + Level 0.7 Necromancy
 + Level 0.7 Translocations
 + Level 0.7 Transmutations
 + Level 0.7 Fire Magic
 + Level 0.7 Ice Magic
 + Level 0.7 Air Magic
 + Level 0.7 Earth Magic
 + Level 0.7 Poison Magic
 + Level 1.1 Invocations
 + Level 1.0 Evocations


You had 6 spell levels left.
You knew the following spells:

 Your Spells              Type           Power      Damage    Failure   Level
a - Summon Small Mammal   Summ           40%        N/A       5%          1

Your spell library contained the following spells:

 Spells                   Type           Power      Damage    Failure   Level
 Summon Guardian Golem    Hex/Summ       6%         N/A       30%         3
 Dazzling Flash           Conj/Hex       6%         N/A       52%         3
 Summon Ice Beast         Ice/Summ       6%         N/A       71%         4
 Agony                    Necr           3%         N/A       99%         5
 Silence                  Hex/Air        1%         N/A       99%         5


Dungeon Overview and Level Annotations

Branches:
Dungeon (2/15)

Altars:

Annotations:
D:2 Sigmund


Innate Abilities, Weirdness & Mutations

You are a tree.
Your roots penetrate the ground, keeping you stationary.
You cannot be teleported.
You are immune to unholy pain and torment.
Your maximum health is greatly increased.
Your equipment is partially melded.
((You have very sharp teeth.))
Your uncanny sense of smell can sniff out nearby items.
Your experience applies equally to all skills.


Message History

You feel very sick. Sigmund hits you but does no damage.
You slash Sigmund!
Sigmund is almost dead.
You feel very sick.
Sigmund hits you with a +2 scythe of venom.
You hit Sigmund but do no damage.
Sigmund is almost dead.
You feel sick. Sigmund gestures at you while chanting.
You are confused.
You cannot move. (Use ctrl+direction or * direction to attack while stationary and confused.) Unknown command.
You cannot move. (Use ctrl+direction or * direction to attack while stationary and confused.)
You cannot move. (Use ctrl+direction or * direction to attack while stationary and confused.)
You cannot move. (Use ctrl+direction or * direction to attack while stationary and confused.) Unknown command.
You cannot move. (Use ctrl+direction or * direction to attack while stationary and confused.)
You cannot move. (Use ctrl+direction or * direction to attack while stationary and confused.)
You cannot move. (Use ctrl+direction or * direction to attack while stationary and confused.)
You cannot move. (Use ctrl+direction or * direction to attack while stationary and confused.)
You cannot move. (Use ctrl+direction or * direction to attack while stationary and confused.)
You attack the rock wall.
You feel sick.
Sigmund hits you with a +2 scythe of venom!
* * * LOW HITPOINT WARNING * * *
You attack the rock wall.
You feel sick. Sigmund hits you but does no damage.
You barely miss Sigmund.
Sigmund is almost dead.
You feel sick. Sigmund hits you but does no damage.
You are lethally poisoned!
You miss Sigmund.
Sigmund is almost dead.
* * * LOW HITPOINT WARNING * * *
You feel very sick.
You are too confused!
You aren't carrying any potions.
* * * LOW HITPOINT WARNING * * *
You feel sick.
Sigmund hits you with a +2 scythe of venom.
You die...

......##.#######............#.#..
......##.##...............###.#..
......##.##.####.................
#.....##.......#.........######..
#.....##.................# ###..
#.######.................# #....
#.######.#...........### #.#..
...........#####.##### #.#..
########.#.# #♣# # #.. #.#.# #@#
#<. #>### #J# #.. #.#


.Kr #.. #.# ... #.. #.# ..... #.. ... ..... ∆ ### ..# ....... ∆ You could see
Sigmund, an endoplasm, a quokka and a kobold.

Vanquished Creatures
  Robin (D:1)
  A worm (D:2)
  3 bats (D:2)
  2 endoplasms (D:1)
  A giant cockroach (D:2)
  11 goblins
  8 hobgoblins
  2 kobolds (D:2)
  2 quokkas (D:1)
  A ball python (D:1)
  A frilled lizard (D:2)
  2 rats
35 creatures vanquished.

Notes
Turn   | Place    | Note
-------+----------+-------------------------------------------
     0 | D:1      | zazu2006 the Gnoll Wanderer began the quest for the Orb.
     0 | D:1      | zazu2006 set off with the following items: a +0 dagger, a
                  | +0 scale mail, a scroll of fog, a scroll of vulnerability;
                  | and the following spell memorised: Summon Small Mammal; and
                  | the following spells available to memorise: Summon Guardian
                  | Golem, Summon Ice Beast.
     0 | D:1      | Reached XP level 1. HP: 26/26 MP: 4/4
   215 | D:1      | Reached XP level 2. HP: 33/33 MP: 5/5
   615 | D:2      | Reached XP level 3. HP: 36/38 MP: 7/7
   966 | D:2      | Noticed Robin
   989 | D:2      | Reached skill level 1 in Invocations
  1061 | D:1      | Killed Robin
  1062 | D:1      | Reached skill level 1 in Short Blades
  1062 | D:1      | Reached skill level 1 in Long Blades
  1062 | D:1      | Reached skill level 1 in Axes
  1062 | D:1      | Reached skill level 1 in Maces & Flails
  1062 | D:1      | Reached skill level 1 in Polearms
  1062 | D:1      | Reached skill level 1 in Staves
  1062 | D:1      | Reached skill level 1 in Ranged Weapons
  1062 | D:1      | Reached skill level 1 in Throwing
  1062 | D:1      | Reached skill level 1 in Dodging
  1062 | D:1      | Reached skill level 1 in Stealth
  1062 | D:1      | Reached skill level 1 in Shields
  1062 | D:1      | Reached skill level 1 in Unarmed Combat
  1062 | D:1      | Reached skill level 1 in Evocations
  1164 | D:2      | Noticed Sigmund
  1181 | D:2      | HP: 1/57 [poisoned by Sigmund]
  1181 | D:2      | Slain by Sigmund

Illustrated notes

Levels and vault maps discovered:
D:1:      spicycebolla_arrival_ecumenical, layout_rooms, chequers_avenue
D:2:      layout_basic, due_unseen_surprise, uniq_robin, uniq_sigmund

Skill      XL: |  1  2  3 |
---------------+----------+-----
Invocations    | 1 |  1.1
Short Blades   | 1 |  1.0
Long Blades    | 1 |  1.0
Axes           | 1 |  1.0
Maces & Flails | 1 |  1.0
Polearms       | 1 |  1.0
Staves         | 1 |  1.0
Ranged Weapons | 1 |  1.0
Throwing       | 1 |  1.0
Dodging        | 1 |  1.0
Stealth        | 1 |  1.0
Shields        | 1 |  1.0
Unarmed Combat | 1 |  1.0
Evocations     | 1 |  1.0
Fighting       | |  8.5
Armour         | |  6.5
Spellcasting   | |  2.9
Conjurations   | |  0.7
Hexes          | |  0.7
Summonings     | |  3.8
Necromancy     | |  0.7
Translocations | |  0.7
Transmutations | |  0.7
Fire Magic     | |  0.7
Ice Magic      | |  0.7
Air Magic      | |  0.7
Earth Magic    | |  0.7
Poison Magic   | |  0.7

Action                     || total
---------------------------++-------
  Melee: Dagger            ||    33
         Long sword        ||   101
         Bite              ||     7
         Punch             ||     2
    Use: Potion            ||     1
 Armour: Scale mail        ||    67
         Skin              ||     3
  Dodge: Dodged            ||    76

Table legend: (Time is in decaauts)
 A = Elapsed time spent in this place.
 B = Non-inter-level travel time spent in this place.
 C = Inter-level travel time spent in this place.
 D = Time resting spent in this place.
 E = Time spent auto-exploring this place.
 F = Levels seen in this place.
 G = Mean time per level.
                   A        B        C        D        E       F      G
               +--------+--------+--------+--------+--------+-----+--------+
         Total |   1220 |   1178 |     42 |     64 |    790 |   2 |  610.0 |
       Dungeon |   1220 |   1178 |     42 |     64 |    790 |   2 |  610.0 |
               +--------+--------+--------+--------+--------+-----+--------+

Top non-repeatable levels by time:
     D:2: 639 daAuts
     D:1: 580 daAuts
